Lake Erie Monsters vs Rimouski Oceanic

Created - 13 décembre 2017 at 05:24

Goals
1 2 3 T
Lake Erie Monsters 2 2 2 6
Rimouski Oceanic 1 2 1 4
Shots
1 2 3 T
Lake Erie Monsters 9 11 11 31
Rimouski Oceanic 9 8 14 31

1st period

1. Lake Erie Monsters , Derek Hulak 5 (Nick Cousins 30, Victor Mete 5) at 6:40
2. Lake Erie Monsters , Jeremy Morin 6 (Matt MacKenzie 4) at 17:46
3. Rimouski Oceanic , Nick Paul 17 (Zach Redmond 19, Jordan Nolan 20) at 18:06

Penalties :
Loic Leduc (OCE) for Holding (Minor) at 9:44, Mikkel Aagaard (OCE) for Fighting (Major) at 18:53, Brendan Woods (MST) for Fighting (Major) at 18:53

2nd period

4. Rimouski Oceanic , Jordan Nolan 23 (Zach Redmond 20, Taylor Fedun 21) at 11:17 (PP)
5. Rimouski Oceanic , Bobby Farnham 12 (Mikkel Aagaard 12) at 13:39
6. Lake Erie Monsters , Jeremy Morin 7 (Chase Balisy 27, Dysin Mayo 7) at 14:13
7. Lake Erie Monsters , Ondrej Kase 18 (Nick Cousins 31, Matt MacKenzie 5) at 14:23

Penalties :
Jordan Nolan (OCE) for Elbowing (Minor) at 1:55, Alexandre Ranger (OCE) for Fighting (Major) at 11:05, Derek Hulak (MST) for Fighting (Major) at 11:05, Derek Hulak (MST) for instigated a fight (Minor) at 11:05, Derek Hulak (MST) for instigated a fight (10 Minutes Misconduct) at 11:05, Mark Alt (OCE) for Fighting (Major) at 13:40, Maxim Lamarche (MST) for Fighting (Major) at 13:40, Taylor Fedun (OCE) for Hooking (Minor) at 16:07

3rd period

8. Lake Erie Monsters , Nick Cousins 22 (Ondrej Kase 29) at 10:23
9. Rimouski Oceanic , Bobby Farnham 13 (Jordan Nolan 21, Mattias Backman 8) at 11:52
10. Lake Erie Monsters , Maxim Lamarche 3 (Joe Hicketts 13, Nick Cousins 32) at 19:36 (Empty Net)

Penalties :
Jordan Nolan (OCE) for Hooking (Minor) at 7:34

Goalie Stats

Jamie Phillips (MST), 27 saves from 31 shots - (0,871), W, 14-5-2, 60:00 minutes
Parker Milner (OCE), 25 saves from 30 shots - (0,833), L, 5-9-0, 59:42 minutes

Players Stats for Lake Erie Monsters

Player Name              G  A  P  +/- PIM S  H  SB GA TA FO     MP     PP MP  PK MP  
------------------------------------------------------------------------------------
Brandon Bollig           0  0  0  -1  0   1  1  0  0  0  0/0     9:31   0:14   0:00 
Brendan Woods            0  0  0   1  5   0  2  0  1  0  4/6    12:11   0:00   0:00 
Chase Balisy             0  1  1   2  0   1  0  0  0  1  1/4    16:39   3:40   0:00 
Derek Hulak              1  0  1   1  17  1  2  2  0  0  0/0    10:51   0:00   0:00 
Dysin Mayo               0  1  1   1  0   1  1  0  0  0  0/0    16:23   0:00   0:00 
Hunter Shinkaruk         0  0  0   1  0   6  1  0  0  1  0/1    22:14   4:10   0:12 
JC Lipon                 0  0  0   1  0   3  2  0  0  0  0/0    13:19   0:06   0:00 
Jeremy Morin             2  0  2   2  0   4  5  0  1  0  1/2    16:39   3:40   0:00 
Joe Hicketts             0  1  1   5  0   2  1  1  0  0  0/0    20:11   4:21   0:00 
Kurtis MacDermid         0  0  0  -2  0   0  4  1  1  0  0/0    21:56   0:40   0:12 
Matt MacKenzie           0  2  2   0  0   3  1  1  0  2  0/0    18:02   3:35   0:00 
Matt Puempel             0  0  0   2  0   0  0  2  1  1  0/0    16:39   3:40   0:00 
Maxim Lamarche           1  0  1   3  5   1  2  1  0  2  0/0    17:44   2:55   0:00 
Nick Cousins             1  3  4   1  0   4  1  1  0  0  14/33  22:01   4:02   0:12 
Ondrej Kase              1  1  2   1  0   2  0  1  2  1  1/3    21:54   4:02   0:00 
Ryan Olsen               0  0  0  -1  0   0  0  0  0  0  0/1     7:31   0:00   0:00 
Turner Elson             0  0  0  -1  0   1  0  0  0  0  1/1    11:00   0:14   0:00 
Victor Mete              0  1  1  -1  0   1  1  1  1  1  0/0    25:00   4:21   0:12 

Players Stats for Rimouski Oceanic

Player Name              G  A  P  +/- PIM S  H  SB GA TA FO     MP     PP MP  PK MP  
------------------------------------------------------------------------------------
Alexandre Ranger         0  0  0   0  5   0  0  0  0  0  1/1    11:28   0:00   0:00 
Andreas Englund          0  0  0   0  0   0  0  0  0  0  0/0    11:22   0:00   0:59 
Bobby Farnham            2  0  2   0  0   5  1  0  0  1  0/0    19:16   0:00   2:31 
Dylan Blujus             0  0  0   0  0   0  0  2  1  1  0/0    11:20   0:00   1:00 
Garrett Noonan           0  0  0   0  0   0  0  0  0  0  0/0     6:50   0:00   0:00 
Joe Whitney              0  0  0  -1  0   1  0  0  0  0  2/2     7:41   0:00   0:00 
Jordan Nolan             1  2  3  -2  4   12 2  0  1  2  0/0    19:15   0:12   1:04 
Kyle Burroughs           0  0  0   0  0   0  0  0  0  0  0/0     0:28   0:00   0:00 
Loic Leduc               0  0  0   0  2   0  1  0  0  0  0/0     6:49   0:00   0:00 
Marco Roy                0  0  0   0  0   1  0  0  0  0  1/4    15:02   0:00   2:36 
Mark Alt                 0  0  0   0  5   0  0  1  1  0  0/0    17:18   0:00   2:13 
Mattias Backman          0  1  1   0  0   0  1  0  0  0  0/0    18:40   0:00   2:51 
Mikkel Aagaard           0  1  1   0  5   0  0  0  1  1  0/0    16:34   0:00   0:02 
Nick Paul                1  0  1  -3  0   1  1  0  0  0  21/37  25:08   0:12   4:00 
Riley Barber             0  0  0  -3  0   3  1  0  2  0  1/1    24:51   0:12   3:49 
Steven Fogarty           0  0  0   0  0   2  0  1  0  1  3/6    17:34   0:00   0:21 
Taylor Fedun             0  1  1  -3  2   0  2  2  1  0  0/0    23:00   0:12   3:44 
Zach Redmond             0  2  2  -3  0   3  2  2  2  1  0/0    24:22   0:12   5:05 
Zach Sanford             0  0  0   0  0   3  3  0  0  0  0/0    15:01   0:00   1:31 

3 Stars

1 - Jeremy Morin (MST)
2 - Nick Cousins (MST)
3 - Joe Hicketts (MST)

Power Play

Lake Erie Monsters - 0 on 4 Attempt(s) - 0,00%
Rimouski Oceanic - 1 on 1 Attempt(s) - 100,00%

Penalty Kill

Lake Erie Monsters - 0 on 1 Attempt(s) - 0,00% - Score 0 goal in Penalty Kill
Rimouski Oceanic - 4 on 4 Attempt(s) - 100,00% - Score 0 goal in Penalty Kill

Team Stat

Lake Erie Monsters - Hits : 24 - Faceoff Wins : 22 - Blocked Shots : 11 - Penalty Minutes : 27
Rimouski Oceanic - Hits : 14 - Faceoff Wins : 29 - Blocked Shots : 8 - Penalty Minutes : 23

Official

Referees : Ghislain Hebert and Kevin Pollock
Linesman : Ryan Galloway and John Grandt

Game Notes

18:06 of 1st period - Rimouski Oceanic goal is going for a video replay. After video review, Goal.
Brendan Woods beats up Mikkel Aagaard at 18:53 of 1st period
Alexandre Ranger and Derek Hulak fight to a draw at 11:05 of 2nd period
11:17 of 2nd period - Rimouski Oceanic goal is going for a video replay. After video review, Goal.
Mark Alt and Maxim Lamarche fight to a draw at 13:40 of 2nd period
Maxim Lamarche has scored in a empty net!

Finance

Level 1 -- Attendance: 1563 (78,15%) -- Ticket Income 54 705 $
Level 2 -- Attendance: 757 (75,70%) -- Ticket Income 11 355 $
Total Attendance: 2320 (77,33%)
Total Ticket Income: 66 060 $
Other Income: 32 369 $
Total Income: 98 429 $

Lake Erie Monsters

5 vs 5 Forward 
   Center                   Left Wing                Right Wing               Time % Phy DF OF 
 1 Nick Cousins             Hunter Shinkaruk         Ondrej Kase              40     0   2  3  
 2 Chase Balisy             Matt Puempel             Jeremy Morin             30     0   2  3  
 3 Brendan Woods            Derek Hulak              JC Lipon                 20     1   2  2  
 4 Ryan Olsen               Brandon Bollig           Turner Elson             10     2   2  1  

5 vs 5 Defense 
   Defense                  Defense                                           Time % Phy DF OF 
 1 Kurtis MacDermid         Victor Mete                                       40     0   3  2  
 2 Maxim Lamarche           Joe Hicketts                                      33     0   3  2  
 3 Dysin Mayo               Matt MacKenzie                                    27     0   4  1  
 4 Kurtis MacDermid         Dysin Mayo                                        0      1   2  2  

PowerPlay Forward 
   Center                   Left Wing                Right Wing               Time % Phy DF OF 
 1 Nick Cousins             Hunter Shinkaruk         Ondrej Kase              60     0   0  5  
 2 Chase Balisy             Matt Puempel             Jeremy Morin             40     0   0  5  

PowerPlay Defense
   Defense                  Defense                                           Time % Phy DF OF 
 1 Joe Hicketts             Victor Mete                                       65     0   1  4  
 2 Matt MacKenzie           Maxim Lamarche                                    35     0   1  4  

Penalty Kill 4 Players Forward 
   Center                   Wing                     Time % Phy DF OF 
 1 Nick Cousins             Hunter Shinkaruk         60     1   3  1  
 2 Ondrej Kase              Chase Balisy             40     1   3  1  

Penalty Kill 4 Players Defense
   Defense                  Defense                  Time % Phy DF OF 
 1 Kurtis MacDermid         Victor Mete              60     1   4  0  
 2 Dysin Mayo               Maxim Lamarche           40     1   4  0  

Penalty Kill - 3 Players Forward 
   Forward                                           Time % Phy DF OF 
 1 Nick Cousins                                      60     1   4  0  
 2 Hunter Shinkaruk                                  40     1   4  0  

Penalty Kill - 3 Players Defense
   Defense                  Defense                  Time % Phy DF OF 
 1 Victor Mete              Kurtis MacDermid         60     1   4  0  
 2 Maxim Lamarche           Dysin Mayo               40     1   4  0  

4 vs 4 Forward 
   Center                   Wing                     Time % Phy DF OF 
 1 Nick Cousins             Hunter Shinkaruk         60     1   2  2  
 2 Ondrej Kase              Chase Balisy             40     1   2  2  

4 vs 4 Defense
   Defense                  Defense                  Time % Phy DF OF 
 1 Kurtis MacDermid         Victor Mete              60     1   2  2  
 2 Maxim Lamarche           Joe Hicketts             40     0   3  2  

Last Minutes Offensive
   Center                   Left Wing                Right Wing               Defense                  Defense                  
   Nick Cousins             Hunter Shinkaruk         Ondrej Kase              Maxim Lamarche           Victor Mete              

Last Minutes Defensive
   Center                   Left Wing                Right Wing               Defense                  Defense                  
   Nick Cousins             Hunter Shinkaruk         Ondrej Kase              Victor Mete              Kurtis MacDermid         

Goaltenders
Starting : Jamie Phillips           
Backup : Jonas Gunnarsson         

Extra Forwards
Normal : Turner Elson, Brandon Bollig, Derek Hulak - PP : Turner Elson, Brandon Bollig - PK : Derek Hulak
Extra Defensemen
Normal : Joe Hicketts, Dysin Mayo, Kurtis MacDermid - PP : Matt MacKenzie - PK : Joe Hicketts, Kurtis MacDermid
Penalty Shots
Nick Cousins, Hunter Shinkaruk, Ondrej Kase, Chase Balisy, Matt Puempel

Scratches
None

Rimouski Oceanic

5 vs 5 Forward 
   Center                   Left Wing                Right Wing               Time % Phy DF OF 
 1 Nick Paul                Riley Barber             Jordan Nolan             40     1   2  2  
 2 Steven Fogarty           Bobby Farnham            Mikkel Aagaard           30     1   2  2  
 3 Marco Roy                Zach Sanford             Alexandre Ranger         20     1   2  2  
 4 Nick Paul                Joe Whitney              Riley Barber             10     1   2  2  

5 vs 5 Defense 
   Defense                  Defense                                           Time % Phy DF OF 
 1 Zach Redmond             Taylor Fedun                                      40     1   2  2  
 2 Mark Alt                 Mattias Backman                                   30     1   2  2  
 3 Andreas Englund          Dylan Blujus                                      20     1   2  2  
 4 Loic Leduc               Garrett Noonan                                    10     1   2  2  

PowerPlay Forward 
   Center                   Left Wing                Right Wing               Time % Phy DF OF 
 1 Nick Paul                Riley Barber             Jordan Nolan             60     1   2  2  
 2 Steven Fogarty           Bobby Farnham            Mikkel Aagaard           40     1   2  2  

PowerPlay Defense
   Defense                  Defense                                           Time % Phy DF OF 
 1 Zach Redmond             Taylor Fedun                                      60     1   2  2  
 2 Mark Alt                 Mattias Backman                                   40     1   2  2  

Penalty Kill 4 Players Forward 
   Center                   Wing                     Time % Phy DF OF 
 1 Nick Paul                Riley Barber             60     1   2  2  
 2 Jordan Nolan             Bobby Farnham            40     1   2  2  

Penalty Kill 4 Players Defense
   Defense                  Defense                  Time % Phy DF OF 
 1 Zach Redmond             Taylor Fedun             60     1   2  2  
 2 Mark Alt                 Mattias Backman          40     1   2  2  

Penalty Kill - 3 Players Forward 
   Forward                                           Time % Phy DF OF 
 1 Nick Paul                                         60     1   2  2  
 2 Riley Barber                                      40     1   2  2  

Penalty Kill - 3 Players Defense
   Defense                  Defense                  Time % Phy DF OF 
 1 Zach Redmond             Taylor Fedun             60     1   2  2  
 2 Mark Alt                 Mattias Backman          40     1   2  2  

4 vs 4 Forward 
   Center                   Wing                     Time % Phy DF OF 
 1 Nick Paul                Riley Barber             60     1   2  2  
 2 Jordan Nolan             Bobby Farnham            40     1   2  2  

4 vs 4 Defense
   Defense                  Defense                  Time % Phy DF OF 
 1 Zach Redmond             Taylor Fedun             60     1   2  2  
 2 Mark Alt                 Mattias Backman          40     1   2  2  

Last Minutes Offensive
   Center                   Left Wing                Right Wing               Defense                  Defense                  
   Nick Paul                Riley Barber             Jordan Nolan             Zach Redmond             Taylor Fedun             

Last Minutes Defensive
   Center                   Left Wing                Right Wing               Defense                  Defense                  
   Nick Paul                Riley Barber             Jordan Nolan             Zach Redmond             Taylor Fedun             

Goaltenders
Starting : Parker Milner            
Backup : Justin Peters            

Extra Forwards
Normal : Zach Sanford, Joe Whitney, Marco Roy - PP : Zach Sanford, Joe Whitney - PK : Marco Roy
Extra Defensemen
Normal : Kyle Burroughs, Andreas Englund, Dylan Blujus - PP : Kyle Burroughs - PK : Andreas Englund, Dylan Blujus
Penalty Shots
Nick Paul, Riley Barber, Jordan Nolan, Bobby Farnham, Zach Sanford

Scratches
Scooter Vaughan (Healthy), Ethan Werek (Healthy), Christoph Bertschy (Healthy), Shane Harper (Healthy), Ben Marshall (Healthy)
Patrice Cormier (Healthy), Jeremy Smith (Healthy)

% Time on Ice - Lake Erie Monsters

Lines # - Real PCT - Wanted PCT - Time Play
Normal Forward
1 - 35% - 40% - 17:45
2 - 25% - 30% - 12:59
3 - 25% - 20% - 12:58
4 - 15% - 10% - 7:31
Normal Defense
1 - 40% - 40% - 20:31
2 - 32% - 33% - 16:20
3 - 25% - 27% - 13:00
4 - 3% - 0% - 1:22
PP Forward
1 - 54% - 60% - 4:16
2 - 46% - 40% - 3:40
PP Defense
1 - 55% - 65% - 4:21
2 - 45% - 35% - 3:35
PK Forward
1 - 100% - 60% - 0:12
2 - 0% - 40% - 0:00
PK Defense
1 - 100% - 60% - 0:12
2 - 0% - 40% - 0:00
PK3 Forward
1 - 0% - 60%
2 - 0% - 40%
PK3 Defense
1 - 0% - 60%
2 - 0% - 40%
44 Forward
1 - 0% - 60%
2 - 0% - 40%
44 Defense
1 - 0% - 60%
2 - 0% - 40%
Last Minute Offensive  - 0:00
Last Minute Defensive  - 0:39
Total
Forward - 60:00
Defense - 60:00

% Time on Ice - Rimouski Oceanic

Lines # - Real PCT - Wanted PCT - Time Play
Normal Forward
1 - 32% - 40% - 16:36
2 - 34% - 30% - 17:19
3 - 24% - 20% - 12:09
4 - 10% - 10% - 5:10
Normal Defense
1 - 36% - 40% - 18:27
2 - 31% - 30% - 15:49
3 - 20% - 20% - 10:08
4 - 13% - 10% - 6:50
PP Forward
1 - 100% - 60% - 0:12
2 - 0% - 40% - 0:00
PP Defense
1 - 100% - 60% - 0:12
2 - 0% - 40% - 0:00
PK Forward
1 - 68% - 60% - 5:25
2 - 32% - 40% - 2:31
PK Defense
1 - 64% - 60% - 5:05
2 - 36% - 40% - 2:51
PK3 Forward
1 - 0% - 60%
2 - 0% - 40%
PK3 Defense
1 - 0% - 60%
2 - 0% - 40%
44 Forward
1 - 0% - 60%
2 - 0% - 40%
44 Defense
1 - 0% - 60%
2 - 0% - 40%
Last Minute Offensive  - 0:38
Last Minute Defensive  - 0:00
Total
Forward - 60:00
Defense - 60:00

Play by Play

1st period


0:01 of 1st period - Nick Paul wins face-off versus Nick Cousins in neutral zone.
0:27 of 1st period - Kurtis MacDermid is hit by Zach Redmond and loses puck.
1:35 of 1st period - Mark Alt is hit by Nick Cousins and loses puck.
1:58 of 1st period - Riley Barber is hit by Kurtis MacDermid and loses puck.
2:09 of 1st period - Alexandre Ranger is hit by JC Lipon and loses puck.
2:16 of 1st period - Wrist shot by JC Lipon.
2:16 of 1st period - Shot Misses the Net.
2:50 of 1st period - Snap shot by Ondrej Kase.
2:50 of 1st period - Shot Misses the Net.
2:56 of 1st period - Steven Fogarty is hit by Hunter Shinkaruk and loses puck.
3:19 of 1st period - Slapshot by Chase Balisy.
3:19 of 1st period - Shot Misses the Net.
3:36 of 1st period - Icing by Brendan Woods.
3:37 of 1st period - Brendan Woods wins face-off versus Steven Fogarty in Lake Erie Monsters zone.
4:00 of 1st period - Wrist shot by Nick Cousins.
4:00 of 1st period - Shot Misses the Net.
4:06 of 1st period - Snap shot by Ondrej Kase.
4:06 of 1st period - Shot Misses the Net.
5:15 of 1st period - Brandon Bollig is hit by Zach Sanford.
5:37 of 1st period - Wrist shot by Brandon Bollig.
5:37 of 1st period - Stopped by Parker Milner with a rebound.
5:39 of 1st period - Snap shot by Brandon Bollig.
5:39 of 1st period - Shot Blocked by Dylan Blujus.
6:21 of 1st period - Snap shot by Matt Puempel.
6:21 of 1st period - Shot Misses the Net.
6:38 of 1st period - Snap shot by Nick Cousins.
6:38 of 1st period - Deflect By Mattias Backman.
6:38 of 1st period - Stopped by Parker Milner with a rebound.
6:40 of 1st period - Slapshot by Derek Hulak.
6:40 of 1st period - Goal by Derek Hulak - Lake Erie Monsters : 1 - Rimouski Oceanic : 0.
6:41 of 1st period - Nick Cousins wins face-off versus Nick Paul in neutral zone.
7:32 of 1st period - Off-side.
7:33 of 1st period - Nick Cousins wins face-off versus Nick Paul in neutral zone.
7:38 of 1st period - Wrist shot by Hunter Shinkaruk.
7:38 of 1st period - Stopped by Parker Milner with a rebound.
7:40 of 1st period - Snap shot by Hunter Shinkaruk.
7:40 of 1st period - Stopped by Parker Milner with a rebound.
7:58 of 1st period - Chase Balisy is hit by Taylor Fedun and loses puck.
8:03 of 1st period - Slapshot by Steven Fogarty.
8:03 of 1st period - Stopped by Jamie Phillips without a rebound.
8:04 of 1st period - Nick Paul wins face-off versus Nick Cousins in Lake Erie Monsters zone.
8:05 of 1st period - Snap shot by Riley Barber.
8:05 of 1st period - Deflect By Nick Paul.
8:05 of 1st period - Shot Misses the Net.
8:05 of 1st period - Puck is out of play.
8:06 of 1st period - Nick Paul wins face-off versus Nick Cousins in Lake Erie Monsters zone.
8:21 of 1st period - Nick Paul is hit by Kurtis MacDermid and loses puck.
8:37 of 1st period - Icing by Mikkel Aagaard.
8:38 of 1st period - Steven Fogarty wins face-off versus Brendan Woods in Rimouski Oceanic zone.
9:25 of 1st period - Slapshot by JC Lipon.
9:25 of 1st period - Shot Hit the Post.
9:27 of 1st period - Snap shot by Brendan Woods.
9:27 of 1st period - Shot Misses the Net.
9:29 of 1st period - Snap shot by JC Lipon.
9:29 of 1st period - Shot Misses the Net.
9:31 of 1st period - Wrist shot by Dysin Mayo.
9:31 of 1st period - Deflect By Bobby Farnham.
9:31 of 1st period - Stopped by Parker Milner with a rebound.
9:33 of 1st period - Slapshot by Matt MacKenzie.
9:33 of 1st period - Stopped by Parker Milner with a rebound.
9:35 of 1st period - Slapshot by JC Lipon.
9:35 of 1st period - Shot Blocked by Steven Fogarty.
9:39 of 1st period - Slapshot by JC Lipon.
9:39 of 1st period - Stopped by Parker Milner with a rebound.
9:44 of 1st period - Minor Penalty to Loic Leduc for Holding.
9:45 of 1st period - Nick Paul wins face-off versus Nick Cousins in Rimouski Oceanic zone.
10:21 of 1st period - Nick Paul is hit by Maxim Lamarche and loses puck.
10:42 of 1st period - Wrist shot by Zach Sanford.
10:42 of 1st period - Stopped by Jamie Phillips with a rebound.
11:44 of 1st period - Penalty to Loic Leduc is over, Loic Leduc is back on ice.
12:38 of 1st period - Wrist shot by Maxim Lamarche.
12:38 of 1st period - Shot Misses the Net.
14:38 of 1st period - Mark Alt is hit by Victor Mete and loses puck.
15:27 of 1st period - Andreas Englund is hit by Kurtis MacDermid and loses puck.
16:03 of 1st period - Riley Barber is hit by Jeremy Morin and loses puck.
16:14 of 1st period - Marco Roy is hit by Dysin Mayo and loses puck.
17:08 of 1st period - Icing by Taylor Fedun.
17:09 of 1st period - Joe Whitney wins face-off versus Chase Balisy in Rimouski Oceanic zone.
17:46 of 1st period - Wrist shot by Jeremy Morin.
17:46 of 1st period - Goal by Jeremy Morin - Lake Erie Monsters : 2 - Rimouski Oceanic : 0.
17:47 of 1st period - Nick Paul wins face-off versus Nick Cousins in neutral zone.
17:58 of 1st period - Wrist shot by Jordan Nolan.
17:58 of 1st period - Shot Blocked by Nick Cousins.
18:00 of 1st period - Slapshot by Jordan Nolan.
18:00 of 1st period - Stopped by Jamie Phillips without a rebound.
18:01 of 1st period - Riley Barber wins face-off versus Nick Cousins in Lake Erie Monsters zone.
18:02 of 1st period - Wrist shot by Jordan Nolan.
18:02 of 1st period - Shot Misses the Net.
18:04 of 1st period - Slapshot by Zach Redmond.
18:04 of 1st period - Shot Misses the Net.
18:06 of 1st period - Snap shot by Nick Paul.
18:06 of 1st period - Rimouski Oceanic goal is going for a video replay.
18:06 of 1st period - The goal is good.
18:06 of 1st period - Goal by Nick Paul - Lake Erie Monsters : 2 - Rimouski Oceanic : 1.
18:07 of 1st period - Nick Cousins wins face-off versus Nick Paul in neutral zone.
18:18 of 1st period - Kurtis MacDermid is hit by Jordan Nolan and loses puck.
18:23 of 1st period - Snap shot by Jordan Nolan.
18:23 of 1st period - Shot Misses the Net.
18:33 of 1st period - Kurtis MacDermid is hit by Zach Sanford.
18:53 of 1st period - Brendan Woods beats up Mikkel Aagaard.
18:53 of 1st period - Penalty to Mikkel Aagaard for Fighting.
18:53 of 1st period - Penalty to Brendan Woods for Fighting.
18:54 of 1st period - Nick Paul wins face-off versus Ondrej Kase in Lake Erie Monsters zone.
18:55 of 1st period - Wrist shot by Jordan Nolan.
18:55 of 1st period - Stopped by Jamie Phillips with a rebound.
18:57 of 1st period - Slapshot by Riley Barber.
18:57 of 1st period - Stopped by Jamie Phillips with a rebound.
18:59 of 1st period - Snap shot by Nick Paul.
18:59 of 1st period - Shot Blocked by Ondrej Kase.
19:05 of 1st period - Snap shot by Jordan Nolan.
19:05 of 1st period - Stopped by Jamie Phillips without a rebound.
19:06 of 1st period - Nick Paul wins face-off versus Nick Cousins in Lake Erie Monsters zone.
19:31 of 1st period - Maxim Lamarche is hit by Taylor Fedun and loses puck.
19:52 of 1st period - Snap shot by Riley Barber.
19:52 of 1st period - Shot Blocked by Derek Hulak.
19:56 of 1st period - Snap shot by Joe Whitney.
19:56 of 1st period - Stopped by Jamie Phillips with a rebound.
19:58 of 1st period - Slapshot by Riley Barber.
19:58 of 1st period - Stopped by Jamie Phillips without a rebound.
19:59 of 1st period - Nick Paul wins face-off versus Nick Cousins in Lake Erie Monsters zone.
Goals for this period are 2 for Lake Erie Monsters vs 1 for Rimouski Oceanic.
Shots for this period are 9 for Lake Erie Monsters vs 9 for Rimouski Oceanic.

2nd period


0:01 of 2nd period - Nick Paul wins face-off versus Nick Cousins in neutral zone.
0:14 of 2nd period - Wrist shot by Ondrej Kase.
0:14 of 2nd period - Shot Misses the Net.
1:21 of 2nd period - Alexandre Ranger is hit by Matt MacKenzie and loses puck.
1:38 of 2nd period - Off-side.
1:39 of 2nd period - Turner Elson wins face-off versus Nick Paul in neutral zone.
1:48 of 2nd period - Snap shot by JC Lipon.
1:48 of 2nd period - Shot Blocked by Zach Redmond.
1:50 of 2nd period - Slapshot by Victor Mete.
1:50 of 2nd period - Deflect By Derek Hulak.
1:50 of 2nd period - Shot Misses the Net.
1:50 of 2nd period - Puck is out of play.
1:51 of 2nd period - Chase Balisy wins face-off versus Nick Paul in Rimouski Oceanic zone.
1:55 of 2nd period - Minor Penalty to Jordan Nolan for Elbowing.
1:56 of 2nd period - Nick Paul wins face-off versus Nick Cousins in Rimouski Oceanic zone.
2:36 of 2nd period - Snap shot by Bobby Farnham.
2:36 of 2nd period - Stopped by Jamie Phillips with a rebound.
2:48 of 2nd period - Riley Barber is hit by Jeremy Morin and loses puck.
3:53 of 2nd period - Penalty to Mikkel Aagaard is over, Mikkel Aagaard is back on ice.
3:57 of 2nd period - Snap shot by Riley Barber.
3:57 of 2nd period - Shot Misses the Net.
3:59 of 2nd period - Wrist shot by Mikkel Aagaard.
3:59 of 2nd period - Shot Blocked by Maxim Lamarche.
6:32 of 2nd period - Joe Whitney is hit by Derek Hulak and loses puck.
7:05 of 2nd period - Riley Barber is hit by Brandon Bollig and loses puck.
8:31 of 2nd period - Mikkel Aagaard is hit by Jeremy Morin and loses puck.
8:44 of 2nd period - Nick Paul is hit by Derek Hulak and loses puck.
9:22 of 2nd period - Icing by Zach Sanford.
9:23 of 2nd period - Jeremy Morin wins face-off versus Steven Fogarty in Rimouski Oceanic zone.
9:26 of 2nd period - Snap shot by Matt Puempel.
9:26 of 2nd period - Shot Misses the Net.
10:11 of 2nd period - Off-side.
10:12 of 2nd period - Steven Fogarty wins face-off versus Chase Balisy in neutral zone.
10:40 of 2nd period - Off-side.
10:41 of 2nd period - Nick Cousins wins face-off versus Nick Paul in neutral zone.
10:54 of 2nd period - Snap shot by Ondrej Kase.
10:54 of 2nd period - Shot Misses the Net.
11:05 of 2nd period - Alexandre Ranger and Derek Hulak fight to a draw.
11:05 of 2nd period - Penalty to Alexandre Ranger for Fighting.
11:05 of 2nd period - Penalty to Derek Hulak for Fighting.
11:05 of 2nd period - Penalty to Derek Hulak for instigated a fight.
11:05 of 2nd period - Penalty to Derek Hulak for instigated a fight.
11:06 of 2nd period - Nick Cousins wins face-off versus Nick Paul in Rimouski Oceanic zone.
11:07 of 2nd period - Snap shot by Hunter Shinkaruk.
11:07 of 2nd period - Shot Misses the Net.
11:15 of 2nd period - Snap shot by Zach Redmond.
11:15 of 2nd period - Stopped by Jamie Phillips with a rebound.
11:17 of 2nd period - Wrist shot by Jordan Nolan.
11:17 of 2nd period - Rimouski Oceanic goal is going for a video replay.
11:17 of 2nd period - The goal is good.
11:17 of 2nd period - Goal by Jordan Nolan - Lake Erie Monsters : 2 - Rimouski Oceanic : 2.
11:18 of 2nd period - Nick Cousins wins face-off versus Nick Paul in neutral zone.
11:33 of 2nd period - Slapshot by Zach Redmond.
11:33 of 2nd period - Shot Blocked by Kurtis MacDermid.
11:43 of 2nd period - Zach Redmond is hit by Kurtis MacDermid and loses puck.
11:50 of 2nd period - Wrist shot by Chase Balisy.
11:50 of 2nd period - Shot Misses the Net.
11:52 of 2nd period - Snap shot by Victor Mete.
11:52 of 2nd period - Deflect By Zach Redmond.
11:52 of 2nd period - Stopped by Parker Milner without a rebound.
11:53 of 2nd period - Nick Cousins wins face-off versus Nick Paul in Rimouski Oceanic zone.
11:54 of 2nd period - Wrist shot by Ondrej Kase.
11:54 of 2nd period - Shot Misses the Net.
12:20 of 2nd period - Bobby Farnham is hit by Jeremy Morin and loses puck.
12:40 of 2nd period - Icing by Mikkel Aagaard.
12:41 of 2nd period - Brendan Woods wins face-off versus Marco Roy in Rimouski Oceanic zone.
12:42 of 2nd period - Backhand shot by JC Lipon.
12:42 of 2nd period - Stopped by Parker Milner with a rebound.
12:50 of 2nd period - JC Lipon is hit by Zach Sanford and loses puck.
13:39 of 2nd period - Snap shot by Bobby Farnham.
13:39 of 2nd period - Goal by Bobby Farnham - Lake Erie Monsters : 2 - Rimouski Oceanic : 3.
13:40 of 2nd period - Nick Paul wins face-off versus Nick Cousins in neutral zone.
13:40 of 2nd period - Mark Alt and Maxim Lamarche fight to a draw.
13:40 of 2nd period - Penalty to Mark Alt for Fighting.
13:40 of 2nd period - Penalty to Maxim Lamarche for Fighting.
13:41 of 2nd period - Nick Paul wins face-off versus Nick Cousins in neutral zone.
13:44 of 2nd period - Snap shot by Jordan Nolan.
13:44 of 2nd period - Shot Blocked by Joe Hicketts.
14:13 of 2nd period - Snap shot by Chase Balisy.
14:13 of 2nd period - Deflect By Jeremy Morin.
14:13 of 2nd period - Goal by Jeremy Morin - Lake Erie Monsters : 3 - Rimouski Oceanic : 3.
14:14 of 2nd period - Nick Cousins wins face-off versus Nick Paul in neutral zone.
14:21 of 2nd period - Wrist shot by Ondrej Kase.
14:21 of 2nd period - Deflect By Nick Cousins.
14:21 of 2nd period - Stopped by Parker Milner with a rebound.
14:23 of 2nd period - Snap shot by Ondrej Kase.
14:23 of 2nd period - Goal by Ondrej Kase - Lake Erie Monsters : 4 - Rimouski Oceanic : 3.
14:24 of 2nd period - Nick Paul wins face-off versus Nick Cousins in neutral zone.
14:31 of 2nd period - Snap shot by Jordan Nolan.
14:31 of 2nd period - Stopped by Jamie Phillips with a rebound.
14:33 of 2nd period - Slapshot by Zach Redmond.
14:33 of 2nd period - Stopped by Jamie Phillips with a rebound.
14:35 of 2nd period - Wrist shot by Riley Barber.
14:35 of 2nd period - Stopped by Jamie Phillips with a rebound.
14:37 of 2nd period - Slapshot by Zach Redmond.
14:37 of 2nd period - Shot Misses the Net.
14:39 of 2nd period - Wrist shot by Jordan Nolan.
14:39 of 2nd period - Stopped by Jamie Phillips with a rebound.
14:56 of 2nd period - Snap shot by Chase Balisy.
14:56 of 2nd period - Shot Misses the Net.
15:16 of 2nd period - Snap shot by Turner Elson.
15:16 of 2nd period - Stopped by Parker Milner without a rebound.
15:17 of 2nd period - Nick Paul wins face-off versus Ryan Olsen in Rimouski Oceanic zone.
15:24 of 2nd period - Turner Elson is hit by Riley Barber and loses puck.
15:31 of 2nd period - Slapshot by Dysin Mayo.
15:31 of 2nd period - Shot Blocked by Zach Redmond.
15:33 of 2nd period - Slapshot by Matt MacKenzie.
15:33 of 2nd period - Stopped by Parker Milner without a rebound.
15:34 of 2nd period - Marco Roy wins face-off versus Hunter Shinkaruk in Rimouski Oceanic zone.
15:41 of 2nd period - Backhand shot by Hunter Shinkaruk.
15:41 of 2nd period - Stopped by Parker Milner with a rebound.
15:43 of 2nd period - Slapshot by Dysin Mayo.
15:43 of 2nd period - Shot Blocked by Taylor Fedun.
15:45 of 2nd period - Slapshot by Joe Hicketts.
15:45 of 2nd period - Stopped by Parker Milner without a rebound.
15:46 of 2nd period - Nick Cousins wins face-off versus Nick Paul in Rimouski Oceanic zone.
15:51 of 2nd period - Slapshot by Nick Cousins.
15:51 of 2nd period - Shot Misses the Net.
15:53 of 2nd period - Snap shot by Hunter Shinkaruk.
15:53 of 2nd period - Stopped by Parker Milner with a rebound.
15:59 of 2nd period - Snap shot by Nick Cousins.
15:59 of 2nd period - Shot Misses the Net.
16:01 of 2nd period - Wrist shot by Nick Cousins.
16:01 of 2nd period - Stopped by Parker Milner with a rebound.
16:07 of 2nd period - Minor Penalty to Taylor Fedun for Hooking.
16:08 of 2nd period - Nick Paul wins face-off versus Ondrej Kase in Rimouski Oceanic zone.
17:58 of 2nd period - Jordan Nolan is hit by Joe Hicketts and loses puck.
18:07 of 2nd period - Penalty to Taylor Fedun is over, Taylor Fedun is back on ice.
Goals for this period are 2 for Lake Erie Monsters vs 2 for Rimouski Oceanic.
Shots for this period are 11 for Lake Erie Monsters vs 8 for Rimouski Oceanic.

3rd period


0:01 of 3rd period - Nick Paul wins face-off versus Nick Cousins in neutral zone.
0:14 of 3rd period - Slapshot by Jordan Nolan.
0:14 of 3rd period - Stopped by Jamie Phillips without a rebound.
0:15 of 3rd period - Nick Paul wins face-off versus Chase Balisy in Lake Erie Monsters zone.
0:22 of 3rd period - Snap shot by Jordan Nolan.
0:22 of 3rd period - Shot Misses the Net.
0:24 of 3rd period - Slapshot by Zach Redmond.
0:24 of 3rd period - Stopped by Jamie Phillips with a rebound.
0:26 of 3rd period - Snap shot by Jordan Nolan.
0:26 of 3rd period - Stopped by Jamie Phillips with a rebound.
0:28 of 3rd period - Slapshot by Jordan Nolan.
0:28 of 3rd period - Stopped by Jamie Phillips with a rebound.
0:30 of 3rd period - Slapshot by Taylor Fedun.
0:30 of 3rd period - Shot Blocked by Matt MacKenzie.
0:42 of 3rd period - Wrist shot by Marco Roy.
0:42 of 3rd period - Deflect By Zach Sanford.
0:42 of 3rd period - Stopped by Jamie Phillips with a rebound.
0:44 of 3rd period - Slapshot by Mark Alt.
0:44 of 3rd period - Shot Blocked by Matt Puempel.
1:29 of 3rd period - Wrist shot by Jordan Nolan.
1:29 of 3rd period - Stopped by Jamie Phillips with a rebound.
1:39 of 3rd period - Wrist shot by Brendan Woods.
1:39 of 3rd period - Shot Blocked by Dylan Blujus.
2:23 of 3rd period - Jordan Nolan is hit by Brendan Woods.
3:55 of 3rd period - Victor Mete is hit by Loic Leduc and loses puck.
4:40 of 3rd period - Ryan Olsen is hit by Jordan Nolan and loses puck.
6:05 of 3rd period - 10 Minutes Misconduct Penalty to Derek Hulak is over.
6:36 of 3rd period - Riley Barber is hit by JC Lipon and loses puck.
7:09 of 3rd period - Taylor Fedun is hit by Jeremy Morin and loses puck.
7:34 of 3rd period - Minor Penalty to Jordan Nolan for Hooking.
7:35 of 3rd period - Nick Cousins wins face-off versus Nick Paul in Rimouski Oceanic zone.
8:06 of 3rd period - Slapshot by Jeremy Morin.
8:06 of 3rd period - Shot Misses the Net.
8:08 of 3rd period - Wrist shot by Jeremy Morin.
8:08 of 3rd period - Stopped by Parker Milner with a rebound.
8:10 of 3rd period - Snap shot by Jeremy Morin.
8:10 of 3rd period - Stopped by Parker Milner with a rebound.
9:08 of 3rd period - Nick Cousins is hit by Zach Redmond.
9:34 of 3rd period - Penalty to Jordan Nolan is over, Jordan Nolan is back on ice.
9:42 of 3rd period - Snap shot by Matt MacKenzie.
9:42 of 3rd period - Stopped by Parker Milner without a rebound.
9:43 of 3rd period - Brendan Woods wins face-off versus Steven Fogarty in Rimouski Oceanic zone.
9:44 of 3rd period - Slapshot by Victor Mete.
9:44 of 3rd period - Shot Misses the Net.
10:06 of 3rd period - Slapshot by Zach Sanford.
10:06 of 3rd period - Deflect By Kurtis MacDermid.
10:06 of 3rd period - Shot Misses the Net.
10:06 of 3rd period - Puck is out of play.
10:07 of 3rd period - Nick Cousins wins face-off versus Marco Roy in Lake Erie Monsters zone.
10:17 of 3rd period - Off-side.
10:18 of 3rd period - Nick Cousins wins face-off versus Nick Paul in neutral zone.
10:23 of 3rd period - Slapshot by Nick Cousins.
10:23 of 3rd period - Goal by Nick Cousins - Lake Erie Monsters : 5 - Rimouski Oceanic : 3.
10:24 of 3rd period - Nick Cousins wins face-off versus Nick Paul in neutral zone.
11:31 of 3rd period - Maxim Lamarche is hit by Mattias Backman and loses puck.
11:50 of 3rd period - Snap shot by Jordan Nolan.
11:50 of 3rd period - Shot Misses the Net.
11:52 of 3rd period - Slapshot by Bobby Farnham.
11:52 of 3rd period - Goal by Bobby Farnham - Lake Erie Monsters : 5 - Rimouski Oceanic : 4.
11:53 of 3rd period - Nick Paul wins face-off versus Nick Cousins in neutral zone.
12:03 of 3rd period - Snap shot by Hunter Shinkaruk.
12:03 of 3rd period - Stopped by Parker Milner with a rebound.
12:05 of 3rd period - Slapshot by Nick Cousins.
12:05 of 3rd period - Shot Misses the Net.
12:07 of 3rd period - Slapshot by Joe Hicketts.
12:07 of 3rd period - Deflect By Nick Paul.
12:07 of 3rd period - Stopped by Parker Milner with a rebound.
14:11 of 3rd period - Snap shot by JC Lipon.
14:11 of 3rd period - Stopped by Parker Milner without a rebound.
14:12 of 3rd period - Nick Paul wins face-off versus Brendan Woods in Rimouski Oceanic zone.
14:24 of 3rd period - Snap shot by Riley Barber.
14:24 of 3rd period - Shot Misses the Net.
14:34 of 3rd period - Slapshot by Brendan Woods.
14:34 of 3rd period - Shot Misses the Net.
14:44 of 3rd period - Snap shot by Steven Fogarty.
14:44 of 3rd period - Stopped by Jamie Phillips without a rebound.
14:45 of 3rd period - Ondrej Kase wins face-off versus Nick Paul in Lake Erie Monsters zone.
15:04 of 3rd period - Ondrej Kase is hit by Nick Paul and loses puck.
15:19 of 3rd period - Wrist shot by Bobby Farnham.
15:19 of 3rd period - Stopped by Jamie Phillips with a rebound.
15:21 of 3rd period - Slapshot by Zach Redmond.
15:21 of 3rd period - Shot Blocked by Matt Puempel.
15:25 of 3rd period - Snap shot by Bobby Farnham.
15:25 of 3rd period - Stopped by Jamie Phillips without a rebound.
15:26 of 3rd period - Brendan Woods wins face-off versus Marco Roy in Lake Erie Monsters zone.
15:33 of 3rd period - Marco Roy is hit by Brendan Woods.
15:49 of 3rd period - Icing by Alexandre Ranger.
15:50 of 3rd period - Alexandre Ranger wins face-off versus Nick Cousins in Rimouski Oceanic zone.
15:50 of 3rd period - Alexandre Ranger is hit by Maxim Lamarche.
16:02 of 3rd period - Slapshot by Hunter Shinkaruk.
16:02 of 3rd period - Stopped by Parker Milner without a rebound.
16:03 of 3rd period - Nick Paul wins face-off versus Nick Cousins in Rimouski Oceanic zone.
16:36 of 3rd period - Brendan Woods is hit by Bobby Farnham and loses puck.
16:41 of 3rd period - Wrist shot by Mikkel Aagaard.
16:41 of 3rd period - Shot Blocked by Victor Mete.
17:01 of 3rd period - Snap shot by Zach Sanford.
17:01 of 3rd period - Shot Misses the Net.
17:03 of 3rd period - Snap shot by Alexandre Ranger.
17:03 of 3rd period - Shot Blocked by Derek Hulak.
17:05 of 3rd period - Snap shot by Marco Roy.
17:05 of 3rd period - Stopped by Jamie Phillips with a rebound.
17:07 of 3rd period - Slapshot by Mattias Backman.
17:07 of 3rd period - Shot Misses the Net.
17:09 of 3rd period - Wrist shot by Alexandre Ranger.
17:09 of 3rd period - Deflect By Zach Sanford.
17:09 of 3rd period - Stopped by Jamie Phillips with a rebound.
17:23 of 3rd period - Slapshot by Jordan Nolan.
17:23 of 3rd period - Stopped by Jamie Phillips with a rebound.
17:37 of 3rd period - Slapshot by Ondrej Kase.
17:37 of 3rd period - Shot Misses the Net.
17:56 of 3rd period - Icing by Maxim Lamarche.
17:57 of 3rd period - Nick Paul wins face-off versus Jeremy Morin in Lake Erie Monsters zone.
17:58 of 3rd period - Snap shot by Jordan Nolan.
17:58 of 3rd period - Shot Misses the Net.
18:20 of 3rd period - Wrist shot by Chase Balisy.
18:20 of 3rd period - Stopped by Parker Milner without a rebound.
18:21 of 3rd period - Steven Fogarty wins face-off versus Nick Cousins in Rimouski Oceanic zone.
18:32 of 3rd period - Slapshot by Nick Cousins.
18:32 of 3rd period - Shot Misses the Net.
18:34 of 3rd period - Snap shot by Ondrej Kase.
18:34 of 3rd period - Stopped by Parker Milner without a rebound.
18:35 of 3rd period - Joe Whitney wins face-off versus Nick Cousins in Rimouski Oceanic zone.
19:18 of 3rd period - Rimouski Oceanic, Parker Milner is pulled from the net.
19:26 of 3rd period - Wrist shot by Jordan Nolan.
19:26 of 3rd period - Stopped by Jamie Phillips with a rebound.
19:34 of 3rd period - Slapshot by Joe Hicketts.
19:34 of 3rd period - Shot Blocked by Taylor Fedun.
19:36 of 3rd period - Slapshot by Maxim Lamarche.
19:36 of 3rd period - Goal by Maxim Lamarche - Lake Erie Monsters : 6 - Rimouski Oceanic : 4.
19:36 of 3rd period - Parker Milner from Rimouski Oceanic was sent back in the game.
19:37 of 3rd period - Nick Cousins wins face-off versus Nick Paul in neutral zone.
19:56 of 3rd period - Snap shot by Brandon Bollig.
19:56 of 3rd period - Shot Blocked by Mark Alt.
Goals for this period are 2 for Lake Erie Monsters vs 1 for Rimouski Oceanic.
Shots for this period are 11 for Lake Erie Monsters vs 14 for Rimouski Oceanic.